[ AOE2 MATCH · #471406894 ]
Team RMLithuanians vs Saracens
[ REPLAY ANALYSIS · EXTRACTED FROM THE RECORDED GAME ]
Feudal
10:36
Castle
14:24
Imperial
41:14
| APM avg | 36.0 |
| APM peak | 65 |
| eAPM avg | 17.9 |
| Villagers / military | 161 / 170 |
Focus
⚔️ 32.9% · 🌾 67.1%
Knight ×161 · Monk ×5 · Trebuchet (Packed) ×4
Feudal
11:48
Castle
18:38
Imperial
36:40
| APM avg | 24.7 |
| APM peak | 71 |
| eAPM avg | 14.3 |
| Villagers / military | 129 / 189 |
Focus
⚔️ 22.3% · 🌾 77.7%
Throwing Axeman ×94 · Knight ×88 · Trebuchet (Packed) ×5 · Monk ×2
Feudal
10:28
Castle
26:38
Imperial
—
| APM avg | 30.5 |
| APM peak | 73 |
| eAPM avg | 17.4 |
| Villagers / military | 131 / 122 |
Focus
⚔️ 37.8% · 🌾 62.2%
Camel Scout ×113 · Battering Ram ×9
Feudal
12:34
Castle
23:14
Imperial
34:51
| APM avg | 48.1 |
| APM peak | 130 |
| eAPM avg | 21.8 |
| Villagers / military | 140 / 230 |
Focus
⚔️ 25.3% · 🌾 74.7%
Spearman ×152 · Militia ×74 · Trade Cart ×4 · Trebuchet (Packed) ×4
Feudal
11:33
Castle
28:01
Imperial
43:01
| APM avg | 35.8 |
| APM peak | 81 |
| eAPM avg | 19.1 |
| Villagers / military | 156 / 136 |
Focus
⚔️ 37.2% · 🌾 62.8%
Spearman ×79 · Militia ×32 · Scorpion ×16 · Serjeant ×9
Feudal
11:45
Castle
15:32
Imperial
41:39
| APM avg | 46.7 |
| APM peak | 95 |
| eAPM avg | 28.1 |
| Villagers / military | 109 / 171 |
Focus
⚔️ 44.3% · 🌾 55.7%
Spearman ×74 · Militia ×55 · Mangonel ×23 · Battering Ram ×18 · Scorpion ×1
Feudal
11:19
Castle
21:06
Imperial
—
| APM avg | 63.7 |
| APM peak | 125 |
| eAPM avg | 31.5 |
| Villagers / military | 78 / 204 |
Focus
⚔️ 53.1% · 🌾 46.9%
Archer ×168 · Mameluke ×27 · Militia ×3 · Scorpion ×3 · Skirmisher ×1 · Monk ×1
Feudal
13:22
Castle
20:45
Imperial
38:30
| APM avg | 24.2 |
| APM peak | 56 |
| eAPM avg | 13.0 |
| Villagers / military | 94 / 65 |
Focus
⚔️ 27.5% · 🌾 72.5%
Scout Cavalry ×39 · Scorpion ×22 · Mangonel ×2 · Battle Elephant ×2
Match map
Initial resources + every placement click. Lines = walls · curves = elevation contours. ◆ gold · ⬟ stone · ● berries · ✦ relic · ◌ wall gap
Your base· ✓ Closed at 14:24 · 0t walls · no gate
primitivus's base· ✓ Closed at 18:38 · 0t walls · no gate
Chiki Tapia's base· ✓ Closed at 26:38 · 0t walls · 1 gate(s)
Canderous Ordo's base· ✓ Closed at 23:14 · 31t walls · 2 gate(s)
Calavera's base· ✓ Closed at 28:01 · 18t walls · no gate
LanaAio's base· ✓ Closed at 15:32 · 18t walls · 1 gate(s)
ElViejoTraidor's base· ✓ Closed at 21:06 · 43t walls · 4 gate(s)
fuzzzy83's base· ✓ Closed at 20:45 · 38t walls · 1 gate(s)
Smoothed initial terrain · ◌ = detected wall gap · hover for details
Inputs per minute
— Baron Morg Von Wigard - - primitivus
Build order — Baron Morg Von Wigard
First 150 of 400 actions detected
| 0:01 | Create | Villager (Male) |
| 0:03 | Build | House |
| 0:05 | Build | House |
| 0:06 | Create | Villager (Male) ×5 |
| 1:40 | Create | Villager (Male) |
| 1:40 | Create | Villager (Male) |
| 1:49 | Build | Lumber Camp |
| 2:38 | Build | House |
| 2:54 | Create | Villager (Male) |
| 2:54 | Create | Villager (Male) |
| 2:54 | Create | Villager (Male) |
| 3:22 | Create | Villager (Male) |
| 3:36 | Create | Villager (Male) |
| 4:29 | Create | Villager (Male) |
| 5:03 | Create | Villager (Male) |
| 5:23 | Create | Villager (Male) |
| 5:47 | Create | Villager (Male) |
| 5:50 | Build | House |
| 6:07 | Research | Loom |
| 6:09 | Create | Villager (Male) |
| 6:29 | Create | Villager (Male) |
| 6:32 | Build | Mill |
| 6:35 | Create | Villager (Male) |
| 8:01 | Create | Villager (Male) |
| 8:09 | Research | Feudal Age |
| 8:23 | Build | Mining Camp |
| 8:46 | Build | House |
| 9:46 | Create | Villager (Male) |
| 9:47 | Create | Villager (Male) |
| 10:36 | Age | Feudal Age |
| 10:39 | Build | Blacksmith |
| 10:45 | Build | Market |
| 11:44 | Research | Castle Age |
| 11:46 | Research | Double-Bit Axe |
| 12:33 | Build | Barracks |
| 13:23 | Build | Stable |
| 14:24 | Age | Castle Age |
| 14:26 | Build | Town Center |
| 14:27 | Create | Villager (Male) |
| 14:28 | Create | Villager (Male) |
| 14:29 | Create | Knight |
| 15:08 | Build | Town Center |
| 15:11 | Create | Villager (Male) |
| 15:15 | Create | Knight |
| 15:34 | Build | Farm |
| 15:40 | Create | Knight |
| 15:44 | Create | Villager (Male) |
| 15:48 | Build | Farm |
| 15:51 | Create | Villager (Male) |
| 15:56 | Create | Knight |
| 16:03 | Create | Villager (Male) |
| 16:05 | Build | Farm |
| 16:33 | Build | Farm |
| 16:38 | Create | Villager (Male) |
| 16:43 | Build | Farm |
| 16:48 | Create | Villager (Male) |
| 17:00 | Research | Scale Barding Armor |
| 17:37 | Create | Villager (Male) |
| 17:39 | Create | Knight |
| 17:50 | Create | Villager (Male) |
| 17:52 | Create | Villager (Male) |
| 17:52 | Create | Villager (Male) |
| 17:57 | Build | Monastery |
| 18:09 | Create | Villager (Male) |
| 18:14 | Build | Farm |
| 18:18 | Build | Farm |
| 18:23 | Create | Villager (Male) |
| 18:26 | Build | Farm |
| 18:33 | Build | Farm |
| 18:36 | Create | Villager (Male) |
| 18:49 | Build | Farm |
| 18:53 | Build | Farm |
| 18:57 | Create | Villager (Male) |
| 18:57 | Create | Villager (Male) |
| 19:01 | Create | Villager (Male) |
| 19:03 | Create | Monk |
| 19:05 | Create | Villager (Male) |
| 19:09 | Build | Farm |
| 19:09 | Create | Villager (Male) |
| 19:19 | Create | Knight |
| 19:24 | Build | Farm |
| 19:27 | Create | Villager (Male) |
| 19:30 | Build | House |
| 19:32 | Build | House |
| 19:33 | Build | House |
| 19:36 | Create | Villager (Male) |
| 19:47 | Research | Wheelbarrow |
| 20:02 | Create | Villager (Male) |
| 20:03 | Create | Villager (Male) |
| 20:07 | Build | Farm |
| 20:08 | Create | Villager (Male) |
| 20:18 | Create | Monk |
| 20:35 | Create | Knight |
| 20:36 | Create | Villager (Male) |
| 20:38 | Create | Villager (Male) |
| 20:43 | Build | Mill |
| 20:44 | Build | Farm |
| 20:44 | Build | Farm |
| 20:44 | Build | Farm |
| 20:44 | Build | Farm |
| 20:45 | Build | Farm |
| 20:54 | Create | Villager (Male) |
| 21:06 | Create | Knight |
| 21:14 | Build | Farm |
| 21:19 | Build | Farm |
| 21:20 | Create | Villager (Male) |
| 21:25 | Build | Farm |
| 21:25 | Create | Villager (Male) |
| 21:33 | Create | Villager (Male) |
| 21:38 | Build | House |
| 21:41 | Build | House |
| 21:44 | Create | Villager (Male) |
| 21:47 | Build | Mining Camp |
| 21:50 | Build | House |
| 21:51 | Build | House |
| 21:53 | Build | House |
| 21:54 | Build | House |
| 21:55 | Create | Villager (Male) |
| 22:10 | Create | Knight |
| 22:12 | Create | Villager (Male) |
| 22:28 | Build | Stable |
| 22:34 | Create | Knight |
| 22:34 | Create | Knight |
| 22:38 | Create | Knight |
| 22:48 | Create | Knight |
| 22:58 | Build | Farm |
| 22:59 | Build | Farm |
| 23:00 | Create | Villager (Male) |
| 23:09 | Research | Bloodlines |
| 23:14 | Research | Bow Saw |
| 23:18 | Create | Villager (Male) |
| 23:27 | Create | Villager (Male) |
| 23:33 | Create | Villager (Male) |
| 23:33 | Create | Villager (Male) |
| 23:49 | Build | Stable |
| 23:56 | Create | Knight |
| 24:06 | Create | Knight |
| 24:07 | Create | Villager (Male) |
| 24:07 | Create | Villager (Male) |
| 24:08 | Create | Villager (Male) |
| 24:10 | Create | Villager (Male) |
| 24:17 | Build | Mining Camp |
| 24:17 | Create | Villager (Male) |
| 24:18 | Create | Villager (Male) |
| 24:22 | Create | Knight |
| 24:32 | Build | House |
| 24:33 | Build | House |
| 24:35 | Build | House |
| 24:36 | Build | House |
| 24:39 | Research | Husbandry |
Build order — primitivus
First 150 of 354 actions detected
| 0:04 | Create | Villager (Male) |
| 0:04 | Create | Villager (Male) |
| 0:04 | Create | Villager (Male) |
| 0:11 | Build | House |
| 0:13 | Build | House |
| 1:10 | Create | Villager (Male) |
| 1:11 | Create | Villager (Male) |
| 1:50 | Create | Villager (Male) |
| 2:15 | Build | Lumber Camp |
| 2:25 | Build | Lumber Camp |
| 2:33 | Create | Villager (Male) |
| 2:33 | Create | Villager (Male) |
| 2:33 | Create | Villager (Male) |
| 3:04 | Create | Villager (Male) |
| 3:05 | Create | Villager (Male) |
| 3:19 | Create | Villager (Male) |
| 3:19 | Create | Villager (Male) |
| 3:42 | Build | House |
| 4:25 | Create | Villager (Male) |
| 4:25 | Create | Villager (Male) |
| 4:39 | Create | Villager (Male) |
| 5:17 | Create | Villager (Male) |
| 5:18 | Create | Villager (Male) |
| 5:18 | Create | Villager (Male) |
| 5:18 | Create | Villager (Male) |
| 5:47 | Build | House |
| 6:14 | Research | Loom |
| 6:21 | Build | Mill |
| 6:27 | Create | Villager (Male) |
| 6:27 | Create | Villager (Male) |
| 6:28 | Create | Villager (Male) |
| 7:04 | Create | Villager (Male) |
| 7:52 | Create | Villager (Male) |
| 8:25 | Create | Villager (Male) |
| 8:25 | Create | Villager (Male) |
| 8:41 | Build | House |
| 9:13 | Build | Mill |
| 9:28 | Create | Villager (Male) |
| 9:38 | Research | Feudal Age |
| 9:46 | Build | Mining Camp |
| 10:13 | Create | Villager (Male) |
| 10:13 | Create | Villager (Male) |
| 10:24 | Build | Barracks |
| 11:00 | Build | Lumber Camp |
| 11:18 | Build | House |
| 11:19 | Build | House |
| 11:30 | Create | Villager (Male) |
| 11:30 | Create | Villager (Male) |
| 11:48 | Age | Feudal Age |
| 12:06 | Build | Market |
| 12:11 | Create | Villager (Male) |
| 12:11 | Create | Villager (Male) |
| 12:40 | Build | Blacksmith |
| 13:05 | Build | Farm |
| 13:07 | Build | Farm |
| 13:19 | Research | Double-Bit Axe |
| 14:08 | Build | Barracks |
| 14:16 | Create | Villager (Male) |
| 14:16 | Create | Villager (Male) |
| 14:49 | Build | Stable |
| 14:59 | Create | Villager (Male) |
| 15:00 | Create | Villager (Male) |
| 15:40 | Build | Mining Camp |
| 15:47 | Research | Castle Age |
| 16:02 | Build | Farm |
| 16:04 | Build | Farm |
| 16:11 | Build | Farm |
| 16:19 | Create | Villager (Male) |
| 16:19 | Create | Villager (Male) |
| 16:31 | Build | Stable |
| 17:10 | Research | Scale Barding Armor |
| 18:03 | Build | House |
| 18:04 | Build | House |
| 18:04 | Build | House |
| 18:05 | Build | House |
| 18:38 | Age | Castle Age |
| 18:43 | Create | Knight |
| 18:43 | Create | Knight |
| 18:45 | Create | Knight |
| 18:45 | Create | Knight |
| 18:46 | Create | Knight |
| 18:48 | Create | Villager (Male) |
| 18:48 | Create | Villager (Male) |
| 18:56 | Build | Town Center |
| 19:03 | Build | Farm |
| 19:06 | Build | Farm |
| 19:07 | Build | Farm |
| 19:09 | Build | Farm |
| 19:11 | Build | Farm |
| 19:12 | Build | Farm |
| 19:21 | Create | Villager (Male) |
| 19:35 | Create | Knight |
| 19:41 | Build | Farm |
| 19:44 | Build | Farm |
| 20:02 | Create | Villager (Male) |
| 20:31 | Create | Villager (Male) |
| 20:31 | Create | Villager (Male) |
| 20:40 | Build | Farm |
| 20:45 | Build | Farm |
| 21:03 | Create | Villager (Male) |
| 21:05 | Create | Villager (Male) |
| 21:23 | Build | Town Center |
| 21:44 | Build | Farm |
| 21:49 | Build | Farm |
| 21:56 | Build | Farm |
| 22:00 | Create | Villager (Male) |
| 22:01 | Create | Villager (Male) |
| 22:09 | Create | Villager (Male) |
| 22:09 | Create | Villager (Male) |
| 22:17 | Create | Knight |
| 22:18 | Create | Knight |
| 22:20 | Create | Knight |
| 22:20 | Create | Knight |
| 22:49 | Create | Villager (Male) |
| 22:54 | Build | House |
| 22:55 | Build | House |
| 22:55 | Build | House |
| 22:55 | Build | House |
| 22:55 | Build | House |
| 22:56 | Build | House |
| 23:00 | Build | House |
| 23:06 | Create | Villager (Male) |
| 23:06 | Create | Villager (Male) |
| 23:07 | Create | Villager (Male) |
| 23:07 | Create | Villager (Male) |
| 23:17 | Create | Villager (Male) |
| 23:18 | Create | Villager (Male) |
| 23:49 | Research | Town Watch |
| 23:52 | Create | Villager (Male) |
| 23:53 | Create | Villager (Male) |
| 23:53 | Create | Villager (Male) |
| 24:04 | Build | Monastery |
| 24:30 | Create | Monk |
| 24:49 | Create | Villager (Male) |
| 24:49 | Create | Villager (Male) |
| 24:54 | Build | Farm |
| 24:54 | Build | Farm |
| 24:54 | Build | Farm |
| 24:55 | Build | Farm |
| 24:55 | Build | Farm |
| 24:55 | Build | Farm |
| 24:56 | Build | Farm |
| 24:56 | Build | Farm |
| 25:01 | Create | Villager (Male) |
| 25:02 | Create | Villager (Male) |
| 25:11 | Create | Villager (Male) |
| 25:11 | Create | Villager (Male) |
| 25:13 | Create | Villager (Male) |
| 25:14 | Create | Villager (Male) |
| 25:20 | Build | Farm |
Build order — Chiki Tapia
First 150 of 369 actions detected
| 0:01 | Create | Villager (Male) |
| 0:01 | Create | Villager (Male) |
| 0:01 | Create | Villager (Male) |
| 0:02 | Create | Villager (Male) |
| 0:03 | Build | House |
| 0:05 | Build | House |
| 1:16 | Research | Loom |
| 1:55 | Build | Lumber Camp |
| 1:57 | Create | Villager (Male) |
| 1:57 | Create | Villager (Male) |
| 1:57 | Create | Villager (Male) |
| 2:34 | Create | Villager (Male) |
| 2:34 | Create | Villager (Male) |
| 2:49 | Create | Villager (Male) |
| 2:49 | Create | Villager (Male) |
| 3:33 | Create | Villager (Male) |
| 3:33 | Create | Villager (Male) |
| 3:54 | Create | Villager (Male) |
| 3:54 | Create | Villager (Male) |
| 3:54 | Create | Villager (Male) |
| 4:14 | Create | Villager (Male) |
| 4:14 | Create | Villager (Male) |
| 4:49 | Build | House |
| 4:59 | Create | Villager (Male) |
| 4:59 | Create | Villager (Male) |
| 4:59 | Create | Villager (Male) |
| 5:00 | Create | Villager (Male) |
| 5:00 | Create | Villager (Male) |
| 5:29 | Build | Mill |
| 5:53 | Create | Villager (Male) |
| 5:53 | Create | Villager (Male) |
| 5:53 | Create | Villager (Male) |
| 6:41 | Create | Villager (Male) |
| 8:18 | Research | Feudal Age |
| 8:18 | Research | Feudal Age |
| 8:18 | Research | Feudal Age |
| 8:28 | Build | Mining Camp |
| 9:27 | Build | House |
| 9:56 | Create | Villager (Male) |
| 9:56 | Create | Villager (Male) |
| 9:56 | Create | Villager (Male) |
| 10:28 | Age | Feudal Age |
| 10:29 | Build | Blacksmith |
| 10:31 | Create | Villager (Male) |
| 11:04 | Create | Villager (Male) |
| 11:04 | Create | Villager (Male) |
| 11:22 | Build | House |
| 11:57 | Build | House |
| 12:01 | Create | Villager (Male) |
| 12:01 | Create | Villager (Male) |
| 12:32 | Create | Villager (Male) |
| 12:32 | Create | Villager (Male) |
| 12:42 | Build | Siege Workshop |
| 13:05 | Create | Villager (Male) |
| 13:06 | Create | Villager (Male) |
| 13:06 | Create | Villager (Male) |
| 13:29 | Create | Battering Ram |
| 13:29 | Create | Battering Ram |
| 13:29 | Create | Battering Ram |
| 13:29 | Create | Battering Ram |
| 13:29 | Create | Battering Ram |
| 13:30 | Create | Battering Ram |
| 13:42 | Build | House |
| 13:42 | Build | House |
| 13:52 | Create | Villager (Male) |
| 13:53 | Create | Villager (Male) |
| 14:06 | Create | Battering Ram |
| 14:30 | Create | Villager (Male) |
| 14:30 | Create | Villager (Male) |
| 15:00 | Build | House |
| 15:32 | Create | Battering Ram |
| 15:32 | Create | Battering Ram |
| 15:40 | Build | House |
| 15:59 | Create | Villager (Male) |
| 15:59 | Create | Villager (Male) |
| 15:59 | Create | Villager (Male) |
| 16:11 | Build | House |
| 17:50 | Build | Palisade Gate |
| 18:03 | Create | Villager (Male) |
| 18:04 | Create | Villager (Male) |
| 18:04 | Create | Villager (Male) |
| 18:08 | Build | Town Center |
| 18:11 | Create | Villager (Male) |
| 18:11 | Create | Villager (Male) |
| 18:11 | Create | Villager (Male) |
| 18:11 | Create | Villager (Male) |
| 18:12 | Create | Villager (Male) |
| 18:53 | Build | House |
| 19:31 | Create | Villager (Male) |
| 19:31 | Create | Villager (Male) |
| 19:32 | Create | Villager (Male) |
| 19:32 | Create | Villager (Male) |
| 19:32 | Create | Villager (Male) |
| 19:33 | Create | Villager (Male) |
| 20:06 | Build | Farm |
| 20:32 | Research | Double-Bit Axe |
| 20:37 | Build | Farm |
| 20:39 | Build | Farm |
| 20:42 | Research | Horse Collar |
| 21:09 | Build | Farm |
| 21:09 | Build | Farm |
| 21:10 | Build | Farm |
| 21:10 | Build | Farm |
| 21:10 | Build | Farm |
| 21:10 | Build | Farm |
| 21:11 | Build | Farm |
| 21:21 | Build | Farm |
| 21:22 | Build | Farm |
| 21:27 | Create | Villager (Male) |
| 21:27 | Create | Villager (Male) |
| 21:44 | Build | House |
| 21:52 | Create | Villager (Male) |
| 21:52 | Create | Villager (Male) |
| 21:52 | Create | Villager (Male) |
| 21:52 | Create | Villager (Male) |
| 21:53 | Create | Villager (Male) |
| 21:53 | Create | Villager (Male) |
| 21:53 | Create | Villager (Male) |
| 22:11 | Build | Farm |
| 23:06 | Build | Farm |
| 23:08 | Build | Farm |
| 23:11 | Build | Farm |
| 23:14 | Build | Farm |
| 23:16 | Build | House |
| 23:18 | Build | Farm |
| 23:21 | Build | Farm |
| 23:22 | Build | Farm |
| 23:25 | Build | Farm |
| 23:58 | Research | Castle Age |
| 23:58 | Research | Castle Age |
| 24:15 | Build | Barracks |
| 24:34 | Build | Mining Camp |
| 25:11 | Build | Stable |
| 25:18 | Research | Scale Barding Armor |
| 25:29 | Create | Villager (Male) |
| 25:29 | Create | Villager (Male) |
| 25:29 | Create | Villager (Male) |
| 25:29 | Create | Villager (Male) |
| 25:30 | Create | Villager (Male) |
| 25:30 | Create | Villager (Male) |
| 25:30 | Create | Villager (Male) |
| 25:31 | Create | Villager (Male) |
| 25:31 | Create | Villager (Male) |
| 26:19 | Build | Stable |
| 26:23 | Build | Stable |
| 26:38 | Age | Castle Age |
| 26:41 | Build | Town Center |
| 26:51 | Research | Bow Saw |
| 26:58 | Research | Heavy Plow |
| 27:01 | Research | Chain Barding Armor |
Build order — Canderous Ordo
First 150 of 412 actions detected
| 0:01 | Create | Villager (Male) |
| 0:03 | Build | House |
| 0:05 | Build | House |
| 0:29 | Create | Villager (Male) |
| 0:29 | Create | Villager (Male) |
| 0:29 | Create | Villager (Male) |
| 0:30 | Create | Villager (Male) |
| 0:45 | Build | Lumber Camp |
| 1:31 | Create | Villager (Male) |
| 1:31 | Create | Villager (Male) |
| 2:14 | Create | Villager (Male) |
| 2:14 | Create | Villager (Male) |
| 2:30 | Build | House |
| 2:38 | Create | Villager (Male) |
| 2:38 | Create | Villager (Male) |
| 2:55 | Build | House |
| 3:11 | Create | Villager (Male) |
| 3:12 | Create | Villager (Male) |
| 3:30 | Create | Villager (Male) |
| 3:56 | Create | Villager (Male) |
| 4:00 | Build | Mill |
| 4:22 | Create | Villager (Male) |
| 4:22 | Create | Villager (Male) |
| 4:49 | Create | Villager (Male) |
| 5:13 | Create | Villager (Male) |
| 5:23 | Build | House |
| 5:31 | Build | House |
| 5:35 | Create | Villager (Male) |
| 5:49 | Research | Loom |
| 6:17 | Create | Villager (Male) |
| 7:01 | Create | Villager (Male) |
| 7:18 | Create | Villager (Male) |
| 7:29 | Build | House |
| 7:46 | Build | Mining Camp |
| 7:47 | Create | Villager (Male) |
| 8:02 | Build | Lumber Camp |
| 8:10 | Create | Villager (Male) |
| 8:55 | Create | Villager (Male) |
| 9:29 | Create | Villager (Male) |
| 9:57 | Create | Villager (Male) |
| 10:09 | Build | Barracks |
| 10:16 | Build | Lumber Camp |
| 10:24 | Research | Feudal Age |
| 10:24 | Research | Feudal Age |
| 10:57 | Create | Militia |
| 10:57 | Create | Militia |
| 10:58 | Create | Militia |
| 11:37 | Build | Mining Camp |
| 11:43 | Create | Villager (Male) |
| 11:59 | Create | Villager (Male) |
| 12:34 | Age | Feudal Age |
| 12:36 | Research | Horse Collar |
| 12:37 | Research | Double-Bit Axe |
| 12:46 | Build | Farm |
| 12:49 | Research | Arson |
| 12:55 | Build | Farm |
| 12:56 | Build | Farm |
| 12:58 | Build | Farm |
| 13:04 | Build | Blacksmith |
| 13:07 | Create | Villager (Male) |
| 13:16 | Build | Farm |
| 13:41 | Create | Villager (Male) |
| 13:56 | Build | Market |
| 13:57 | Build | House |
| 13:58 | Build | House |
| 14:02 | Build | Lumber Camp |
| 14:10 | Create | Villager (Male) |
| 14:14 | Build | Farm |
| 14:28 | Build | Stone Wall |
| 14:32 | Build | Outpost |
| 14:34 | Create | Villager (Male) |
| 14:38 | Build | Farm |
| 14:39 | Build | Farm |
| 14:41 | Build | Farm |
| 15:01 | Build | Farm |
| 15:04 | Build | Farm |
| 15:06 | Create | Villager (Male) |
| 15:12 | Research | Wheelbarrow |
| 15:12 | Research | Wheelbarrow |
| 15:16 | Build | House |
| 15:17 | Build | House |
| 15:19 | Build | House |
| 15:28 | Create | Villager (Male) |
| 15:48 | Build | Farm |
| 16:03 | Build | Farm |
| 16:07 | Build | Farm |
| 16:22 | Research | Man-at-Arms (upgrade) |
| 16:23 | Create | Villager (Male) |
| 16:33 | Build | Farm |
| 16:37 | Create | Villager (Male) |
| 16:56 | Research | Forging |
| 16:56 | Research | Forging |
| 17:14 | Build | Farm |
| 17:37 | Create | Villager (Male) |
| 18:07 | Create | Villager (Male) |
| 18:19 | Build | Farm |
| 18:32 | Build | Farm |
| 18:34 | Create | Villager (Male) |
| 18:53 | Build | Farm |
| 18:56 | Create | Militia |
| 18:56 | Create | Militia |
| 18:56 | Create | Militia |
| 19:00 | Create | Villager (Male) |
| 19:03 | Research | Scale Mail Armor |
| 19:26 | Create | Villager (Male) |
| 19:30 | Build | Farm |
| 19:33 | Build | Farm |
| 19:35 | Build | Farm |
| 19:46 | Create | Militia |
| 20:09 | Create | Villager (Male) |
| 20:11 | Build | Farm |
| 20:29 | Research | Castle Age |
| 20:30 | Research | Castle Age |
| 20:32 | Create | Militia |
| 20:35 | Create | Militia |
| 21:06 | Create | Militia |
| 21:08 | Create | Villager (Male) |
| 21:18 | Research | Stone Mining |
| 21:19 | Research | Gold Mining |
| 21:19 | Research | Gold Mining |
| 21:23 | Create | Villager (Male) |
| 21:42 | Build | Barracks |
| 21:43 | Build | Barracks |
| 21:57 | Build | Stone Wall |
| 22:01 | Build | Gate |
| 22:02 | Build | Gate |
| 22:36 | Create | Spearman |
| 22:37 | Create | Spearman |
| 22:37 | Create | Spearman |
| 22:37 | Create | Spearman |
| 23:12 | Create | Spearman |
| 23:14 | Age | Castle Age |
| 23:16 | Research | Pikeman (upgrade) |
| 23:17 | Research | Bow Saw |
| 23:19 | Research | Heavy Plow |
| 23:25 | Build | Town Center |
| 23:39 | Create | Villager (Male) |
| 23:41 | Create | Villager (Male) |
| 23:47 | Research | Long Swordsman (upgrade) |
| 23:48 | Research | Squires |
| 23:51 | Create | Spearman |
| 23:51 | Create | Spearman |
| 23:51 | Create | Spearman |
| 23:51 | Create | Spearman |
| 23:51 | Create | Spearman |
| 24:06 | Research | Chain Mail Armor |
| 24:07 | Create | Villager (Male) |
| 24:07 | Create | Villager (Male) |
| 24:20 | Create | Villager (Male) |
| 24:53 | Research | Gambesons |
Build order — Calavera
First 150 of 486 actions detected
| 0:01 | Create | Villager (Male) |
| 0:01 | Create | Villager (Male) |
| 0:01 | Create | Villager (Male) |
| 0:02 | Create | Villager (Male) |
| 0:03 | Build | House |
| 0:04 | Build | House |
| 0:24 | Build | House |
| 0:26 | Build | Palisade Wall |
| 0:43 | Research | Loom |
| 0:43 | Create | Villager (Male) |
| 0:43 | Create | Villager (Male) |
| 0:44 | Create | Villager (Male) |
| 0:48 | Build | House |
| 0:50 | Build | Palisade Wall |
| 3:29 | Create | Villager (Male) |
| 3:29 | Create | Villager (Male) |
| 3:46 | Create | Villager (Male) |
| 3:47 | Create | Villager (Male) |
| 4:04 | Create | Villager (Male) |
| 4:04 | Create | Villager (Male) |
| 4:22 | Create | Villager (Male) |
| 5:01 | Create | Villager (Male) |
| 5:05 | Create | Villager (Male) |
| 5:05 | Create | Villager (Male) |
| 5:35 | Create | Villager (Male) |
| 5:35 | Create | Villager (Male) |
| 5:35 | Create | Villager (Male) |
| 6:05 | Create | Villager (Male) |
| 6:09 | Create | Villager (Male) |
| 6:09 | Create | Villager (Male) |
| 6:12 | Create | Villager (Male) |
| 6:13 | Create | Villager (Male) |
| 6:28 | Build | Lumber Camp |
| 7:47 | Create | Villager (Male) |
| 7:47 | Create | Villager (Male) |
| 8:43 | Build | Mill |
| 8:58 | Create | Villager (Male) |
| 9:15 | Research | Feudal Age |
| 9:42 | Build | Mining Camp |
| 10:57 | Build | Barracks |
| 11:02 | Create | Villager (Male) |
| 11:10 | Build | Mining Camp |
| 11:19 | Create | Villager (Male) |
| 11:33 | Age | Feudal Age |
| 12:02 | Research | Man-at-Arms (upgrade) |
| 12:12 | Build | Donjon |
| 12:41 | Create | Spearman |
| 12:56 | Build | Stone Wall |
| 13:17 | Create | Militia |
| 13:18 | Create | Militia |
| 13:18 | Create | Militia |
| 13:18 | Create | Militia |
| 13:26 | Create | Villager (Male) |
| 13:28 | Create | Villager (Male) |
| 13:30 | Build | House |
| 13:31 | Build | House |
| 13:53 | Build | Stone Wall |
| 14:18 | Create | Villager (Male) |
| 14:42 | Build | Farm |
| 14:43 | Build | Farm |
| 14:47 | Build | Farm |
| 14:50 | Build | Farm |
| 15:05 | Create | Serjeant |
| 15:10 | Build | House |
| 15:11 | Build | House |
| 15:15 | Build | Farm |
| 15:23 | Create | Villager (Male) |
| 16:20 | Create | Villager (Male) |
| 16:24 | Create | Militia |
| 16:24 | Create | Militia |
| 16:29 | Create | Spearman |
| 16:36 | Create | Villager (Male) |
| 16:39 | Build | Farm |
| 16:39 | Build | Farm |
| 16:40 | Build | Farm |
| 16:40 | Build | Farm |
| 16:40 | Build | Farm |
| 16:45 | Create | Villager (Male) |
| 16:52 | Build | Farm |
| 16:55 | Build | Farm |
| 17:10 | Create | Serjeant |
| 17:14 | Create | Spearman |
| 17:54 | Create | Serjeant |
| 17:56 | Create | Militia |
| 17:56 | Create | Militia |
| 18:15 | Build | Donjon |
| 18:21 | Create | Villager (Male) |
| 18:25 | Build | House |
| 18:25 | Build | House |
| 18:26 | Build | House |
| 18:34 | Build | Donjon |
| 18:52 | Create | Serjeant |
| 19:16 | Build | Farm |
| 19:16 | Build | Farm |
| 19:16 | Build | Farm |
| 19:16 | Build | Farm |
| 19:17 | Build | Farm |
| 20:25 | Build | Farm |
| 20:26 | Build | Farm |
| 20:30 | Build | Farm |
| 21:29 | Build | Donjon |
| 22:02 | Create | Villager (Male) |
| 22:02 | Create | Villager (Male) |
| 22:02 | Create | Villager (Male) |
| 22:43 | Build | Blacksmith |
| 24:06 | Create | Villager (Male) |
| 24:07 | Create | Villager (Male) |
| 24:07 | Create | Villager (Male) |
| 24:22 | Build | Market |
| 25:05 | Research | Castle Age |
| 25:06 | Research | Castle Age |
| 25:10 | Research | Arson |
| 25:12 | Research | Forging |
| 25:13 | Research | Scale Mail Armor |
| 25:50 | Build | Barracks |
| 26:24 | Create | Militia |
| 26:24 | Create | Militia |
| 26:24 | Create | Militia |
| 26:42 | Create | Serjeant |
| 26:42 | Create | Serjeant |
| 26:42 | Create | Serjeant |
| 26:43 | Create | Serjeant |
| 26:43 | Create | Serjeant |
| 26:49 | Build | Farm |
| 27:13 | Build | Farm |
| 27:14 | Build | Farm |
| 27:15 | Build | Farm |
| 27:17 | Build | Farm |
| 27:21 | Build | Farm |
| 27:23 | Build | Farm |
| 27:24 | Build | Farm |
| 27:31 | Create | Militia |
| 27:31 | Create | Militia |
| 27:39 | Build | House |
| 28:01 | Age | Castle Age |
| 28:05 | Research | Long Swordsman (upgrade) |
| 28:06 | Create | Militia |
| 28:07 | Create | Militia |
| 28:08 | Create | Villager (Male) |
| 28:11 | Build | Barracks |
| 28:14 | Create | Villager (Male) |
| 28:14 | Create | Villager (Male) |
| 28:41 | Build | House |
| 28:44 | Research | Gambesons |
| 28:44 | Research | Squires |
| 28:48 | Create | Militia |
| 28:48 | Create | Militia |
| 28:49 | Create | Militia |
| 28:49 | Create | Militia |
| 28:51 | Build | Farm |
Build order — LanaAio
First 150 of 426 actions detected
| 0:01 | Create | Villager (Male) |
| 0:01 | Create | Villager (Male) |
| 0:02 | Build | House |
| 0:04 | Build | House |
| 0:13 | Research | Loom |
| 0:14 | Create | Villager (Male) |
| 0:29 | Create | Villager (Male) |
| 0:29 | Create | Villager (Male) |
| 0:57 | Build | Palisade Wall |
| 2:11 | Build | Lumber Camp |
| 2:21 | Build | Lumber Camp |
| 2:22 | Create | Villager (Male) |
| 2:52 | Create | Villager (Male) |
| 3:23 | Create | Villager (Male) |
| 3:38 | Build | House |
| 3:59 | Create | Villager (Male) |
| 4:21 | Create | Villager (Male) |
| 5:00 | Create | Villager (Male) |
| 5:22 | Create | Villager (Male) |
| 5:38 | Create | Villager (Male) |
| 5:47 | Build | House |
| 6:05 | Create | Villager (Male) |
| 6:07 | Create | Villager (Male) |
| 6:14 | Build | Mill |
| 6:34 | Create | Villager (Male) |
| 6:40 | Create | Villager (Male) |
| 7:13 | Create | Villager (Male) |
| 7:19 | Create | Villager (Male) |
| 8:15 | Create | Villager (Male) |
| 8:37 | Create | Villager (Male) |
| 8:54 | Build | Mining Camp |
| 9:12 | Research | Feudal Age |
| 11:01 | Create | Villager (Male) |
| 11:03 | Create | Villager (Male) |
| 11:23 | Build | House |
| 11:45 | Age | Feudal Age |
| 11:53 | Build | Market |
| 11:57 | Build | Blacksmith |
| 12:08 | Build | Stone Wall |
| 12:12 | Build | Gate |
| 12:52 | Research | Castle Age |
| 13:13 | Build | Barracks |
| 14:08 | Build | Farm |
| 14:12 | Research | Double-Bit Axe |
| 14:16 | Research | Horse Collar |
| 14:18 | Research | Man-at-Arms (upgrade) |
| 14:39 | Build | House |
| 14:41 | Build | House |
| 15:23 | Create | Militia |
| 15:24 | Create | Militia |
| 15:24 | Create | Militia |
| 15:32 | Age | Castle Age |
| 15:39 | Build | Siege Workshop |
| 15:48 | Build | House |
| 15:50 | Build | House |
| 16:16 | Create | Battering Ram |
| 16:21 | Create | Mangonel |
| 16:25 | Create | Militia |
| 17:03 | Create | Villager (Male) |
| 17:50 | Create | Mangonel |
| 17:52 | Create | Villager (Male) |
| 17:55 | Build | Lumber Camp |
| 18:13 | Build | Farm |
| 18:15 | Build | Farm |
| 18:50 | Build | Farm |
| 19:37 | Create | Villager (Male) |
| 19:37 | Create | Villager (Male) |
| 19:46 | Build | Town Center |
| 19:57 | Build | Stone Wall |
| 20:00 | Create | Villager (Male) |
| 20:14 | Build | Farm |
| 20:20 | Create | Villager (Male) |
| 20:27 | Build | House |
| 20:28 | Build | House |
| 20:29 | Build | House |
| 20:42 | Create | Villager (Male) |
| 21:51 | Build | Gate |
| 22:00 | Create | Villager (Male) |
| 22:01 | Create | Villager (Male) |
| 22:01 | Create | Villager (Male) |
| 22:05 | Build | Farm |
| 22:05 | Build | Farm |
| 22:05 | Build | Farm |
| 22:05 | Build | Farm |
| 22:06 | Build | Farm |
| 22:06 | Build | Farm |
| 22:06 | Build | Farm |
| 22:06 | Build | Farm |
| 22:20 | Create | Villager (Male) |
| 22:41 | Create | Villager (Male) |
| 22:49 | Create | Mangonel |
| 23:10 | Build | Gate |
| 23:12 | Build | House |
| 23:17 | Create | Villager (Male) |
| 23:17 | Create | Villager (Male) |
| 23:18 | Create | Villager (Male) |
| 23:20 | Create | Villager (Male) |
| 23:50 | Research | Bow Saw |
| 23:57 | Build | Farm |
| 23:58 | Build | Farm |
| 23:58 | Build | Farm |
| 23:58 | Build | Farm |
| 24:14 | Create | Villager (Male) |
| 24:20 | Create | Villager (Male) |
| 24:26 | Create | Villager (Male) |
| 24:35 | Create | Scorpion |
| 24:39 | Create | Villager (Male) |
| 24:40 | Create | Villager (Male) |
| 24:48 | Create | Villager (Male) |
| 25:14 | Create | Villager (Male) |
| 25:15 | Create | Villager (Male) |
| 25:25 | Build | Farm |
| 25:29 | Build | Farm |
| 25:30 | Create | Villager (Male) |
| 26:03 | Build | Siege Workshop |
| 26:08 | Create | Villager (Male) |
| 26:28 | Research | Wheelbarrow |
| 26:29 | Create | Villager (Male) |
| 26:29 | Create | Villager (Male) |
| 26:39 | Build | Mining Camp |
| 27:00 | Create | Mangonel |
| 27:00 | Create | Mangonel |
| 27:01 | Create | Villager (Male) |
| 27:02 | Create | Villager (Male) |
| 27:03 | Create | Villager (Male) |
| 27:06 | Create | Villager (Male) |
| 27:15 | Build | House |
| 28:33 | Build | Barracks |
| 28:35 | Build | Barracks |
| 29:25 | Research | Squires |
| 29:25 | Research | Pikeman (upgrade) |
| 29:26 | Create | Spearman |
| 29:26 | Create | Spearman |
| 29:27 | Create | Spearman |
| 29:27 | Create | Spearman |
| 29:44 | Research | Scale Mail Armor |
| 30:13 | Create | Spearman |
| 30:13 | Create | Spearman |
| 30:14 | Research | Forging |
| 30:17 | Create | Spearman |
| 30:17 | Create | Spearman |
| 30:17 | Create | Spearman |
| 30:18 | Create | Spearman |
| 30:18 | Create | Spearman |
| 30:18 | Create | Spearman |
| 30:18 | Create | Spearman |
| 30:18 | Create | Spearman |
| 30:22 | Create | Mangonel |
| 30:22 | Create | Mangonel |
| 30:22 | Create | Mangonel |
Build order — ElViejoTraidor
First 150 of 408 actions detected
| 0:00 | Create | Villager (Male) |
| 0:01 | Create | Villager (Male) |
| 0:01 | Create | Villager (Male) |
| 0:02 | Build | House |
| 0:03 | Build | House |
| 0:06 | Build | House |
| 0:14 | Create | Villager (Male) |
| 0:14 | Create | Villager (Male) |
| 0:14 | Create | Villager (Male) |
| 1:05 | Research | Loom |
| 1:05 | Create | Villager (Male) |
| 1:06 | Create | Villager (Male) |
| 1:06 | Create | Villager (Male) |
| 1:32 | Create | Villager (Male) |
| 1:33 | Create | Villager (Male) |
| 1:47 | Build | Palisade Wall |
| 1:53 | Create | Villager (Male) |
| 1:54 | Create | Villager (Male) |
| 2:18 | Build | House |
| 2:22 | Build | Palisade Wall |
| 2:24 | Build | House |
| 2:27 | Create | Villager (Male) |
| 2:27 | Create | Villager (Male) |
| 2:48 | Build | Lumber Camp |
| 3:18 | Create | Villager (Male) |
| 3:18 | Create | Villager (Male) |
| 3:32 | Create | Villager (Male) |
| 3:32 | Create | Villager (Male) |
| 4:02 | Create | Villager (Male) |
| 4:02 | Create | Villager (Male) |
| 4:02 | Create | Villager (Male) |
| 4:24 | Build | Palisade Wall |
| 4:27 | Build | Palisade Wall |
| 4:30 | Build | Palisade Wall |
| 4:35 | Build | Palisade Wall |
| 4:55 | Create | Villager (Male) |
| 4:55 | Create | Villager (Male) |
| 4:55 | Create | Villager (Male) |
| 4:56 | Create | Villager (Male) |
| 4:57 | Create | Villager (Male) |
| 4:57 | Create | Villager (Male) |
| 6:57 | Create | Villager (Male) |
| 6:57 | Create | Villager (Male) |
| 7:16 | Create | Villager (Male) |
| 7:17 | Create | Villager (Male) |
| 7:21 | Build | House |
| 7:48 | Create | Villager (Male) |
| 8:15 | Build | Mill |
| 8:43 | Build | Mining Camp |
| 9:09 | Research | Feudal Age |
| 9:09 | Research | Feudal Age |
| 9:09 | Research | Feudal Age |
| 9:47 | Build | House |
| 9:56 | Build | House |
| 9:59 | Build | House |
| 10:06 | Build | Barracks |
| 10:11 | Build | Palisade Wall |
| 10:15 | Build | Palisade Wall |
| 10:18 | Build | Palisade Wall |
| 10:21 | Create | Villager (Male) |
| 11:10 | Create | Villager (Male) |
| 11:12 | Build | House |
| 11:19 | Age | Feudal Age |
| 11:21 | Build | Archery Range |
| 11:51 | Build | Archery Range |
| 11:54 | Build | House |
| 11:59 | Create | Villager (Male) |
| 12:13 | Build | Palisade Gate |
| 12:31 | Create | Archer |
| 12:33 | Create | Villager (Male) |
| 12:47 | Build | Blacksmith |
| 12:52 | Build | House |
| 12:54 | Create | Archer |
| 12:54 | Create | Archer |
| 12:54 | Create | Archer |
| 13:04 | Create | Villager (Male) |
| 13:11 | Create | Archer |
| 13:12 | Create | Archer |
| 13:13 | Create | Archer |
| 13:23 | Research | Double-Bit Axe |
| 13:23 | Research | Double-Bit Axe |
| 13:23 | Research | Double-Bit Axe |
| 13:28 | Create | Archer |
| 13:29 | Create | Archer |
| 13:29 | Create | Archer |
| 13:40 | Build | House |
| 13:49 | Build | House |
| 13:52 | Create | Villager (Male) |
| 13:53 | Create | Archer |
| 13:53 | Create | Archer |
| 13:53 | Create | Archer |
| 14:01 | Create | Archer |
| 14:02 | Create | Archer |
| 14:16 | Create | Villager (Male) |
| 14:19 | Create | Archer |
| 14:19 | Create | Archer |
| 14:29 | Research | Gold Mining |
| 14:30 | Create | Archer |
| 14:30 | Create | Archer |
| 14:33 | Create | Villager (Male) |
| 14:33 | Create | Villager (Male) |
| 14:47 | Create | Archer |
| 14:47 | Create | Archer |
| 14:48 | Create | Archer |
| 14:59 | Create | Villager (Male) |
| 15:02 | Build | Market |
| 15:13 | Create | Villager (Male) |
| 15:17 | Create | Archer |
| 15:17 | Create | Archer |
| 15:29 | Create | Archer |
| 15:29 | Create | Archer |
| 15:29 | Create | Archer |
| 15:32 | Create | Villager (Male) |
| 15:32 | Create | Villager (Male) |
| 15:34 | Build | Farm |
| 15:35 | Build | Farm |
| 15:38 | Build | Farm |
| 15:39 | Create | Archer |
| 15:39 | Create | Archer |
| 15:40 | Create | Archer |
| 15:54 | Create | Archer |
| 15:59 | Create | Villager (Male) |
| 15:59 | Create | Villager (Male) |
| 16:06 | Create | Archer |
| 16:06 | Create | Archer |
| 16:18 | Research | Fletching |
| 16:18 | Research | Fletching |
| 16:18 | Research | Fletching |
| 16:30 | Build | Farm |
| 16:31 | Build | Farm |
| 16:31 | Build | Farm |
| 16:31 | Build | Farm |
| 16:31 | Build | Farm |
| 16:32 | Create | Villager (Male) |
| 16:32 | Create | Villager (Male) |
| 17:04 | Create | Archer |
| 17:04 | Create | Archer |
| 17:04 | Create | Archer |
| 17:05 | Create | Archer |
| 17:50 | Build | Gate |
| 18:00 | Create | Archer |
| 18:00 | Create | Archer |
| 18:00 | Create | Archer |
| 18:01 | Create | Archer |
| 18:01 | Create | Archer |
| 18:01 | Create | Archer |
| 18:03 | Create | Villager (Male) |
| 18:04 | Create | Villager (Male) |
| 18:04 | Build | House |
| 18:05 | Build | House |
Build order — fuzzzy83
First 150 of 239 actions detected
| 0:02 | Create | Villager (Male) |
| 0:02 | Create | Villager (Male) |
| 0:03 | Build | House |
| 0:04 | Build | House |
| 0:05 | Create | Villager (Male) |
| 0:06 | Create | Villager (Male) |
| 0:06 | Create | Villager (Male) |
| 1:03 | Research | Loom |
| 1:59 | Build | Palisade Wall |
| 2:10 | Build | Palisade Wall |
| 2:16 | Build | Palisade Wall |
| 2:23 | Create | Villager (Male) |
| 2:23 | Create | Villager (Male) |
| 3:27 | Create | Villager (Male) |
| 3:27 | Create | Villager (Male) |
| 3:58 | Build | Lumber Camp |
| 4:17 | Create | Villager (Male) |
| 4:18 | Create | Villager (Male) |
| 4:45 | Create | Villager (Male) |
| 4:45 | Create | Villager (Male) |
| 4:52 | Build | House |
| 5:12 | Create | Villager (Male) |
| 5:12 | Create | Villager (Male) |
| 5:43 | Create | Villager (Male) |
| 5:44 | Create | Villager (Male) |
| 6:06 | Create | Villager (Male) |
| 6:06 | Create | Villager (Male) |
| 6:21 | Create | Villager (Male) |
| 7:12 | Build | Mill |
| 7:15 | Create | Villager (Male) |
| 7:16 | Create | Villager (Male) |
| 7:23 | Build | House |
| 8:06 | Create | Villager (Male) |
| 8:20 | Create | Villager (Male) |
| 9:07 | Create | Villager (Male) |
| 9:07 | Create | Villager (Male) |
| 9:13 | Build | House |
| 9:28 | Create | Villager (Male) |
| 9:28 | Create | Villager (Male) |
| 9:58 | Build | Mill |
| 10:32 | Build | Mining Camp |
| 10:46 | Create | Villager (Male) |
| 11:12 | Research | Feudal Age |
| 11:30 | Build | Outpost |
| 13:00 | Build | Palisade Gate |
| 13:22 | Age | Feudal Age |
| 13:27 | Build | Stone Wall |
| 13:42 | Build | Watch Tower |
| 13:46 | Build | Mining Camp |
| 14:02 | Create | Villager (Male) |
| 14:02 | Create | Villager (Male) |
| 15:11 | Build | House |
| 15:15 | Build | House |
| 15:18 | Build | House |
| 15:48 | Build | Gate |
| 15:54 | Build | House |
| 17:06 | Build | Mining Camp |
| 18:05 | Research | Castle Age |
| 18:05 | Create | Villager (Male) |
| 18:06 | Create | Villager (Male) |
| 18:06 | Create | Villager (Male) |
| 18:19 | Build | Market |
| 18:33 | Build | Watch Tower |
| 18:44 | Build | Blacksmith |
| 19:50 | Research | Fletching |
| 19:58 | Build | Lumber Camp |
| 20:45 | Age | Castle Age |
| 20:59 | Build | University |
| 21:08 | Build | Siege Workshop |
| 21:34 | Build | Farm |
| 21:44 | Build | House |
| 21:45 | Build | House |
| 22:03 | Build | Farm |
| 22:47 | Build | Stone Wall |
| 23:01 | Build | Stone Wall |
| 23:16 | Build | Stone Wall |
| 23:32 | Create | Villager (Male) |
| 23:32 | Create | Villager (Male) |
| 23:46 | Build | Stable |
| 23:48 | Create | Mangonel |
| 24:01 | Create | Villager (Male) |
| 24:02 | Create | Villager (Male) |
| 24:27 | Build | Gate |
| 24:38 | Create | Mangonel |
| 24:49 | Research | Double-Bit Axe |
| 24:55 | Create | Battle Elephant |
| 25:20 | Build | House |
| 25:22 | Build | House |
| 25:22 | Build | House |
| 25:39 | Build | Farm |
| 25:39 | Build | Farm |
| 26:32 | Create | Villager (Male) |
| 27:17 | Create | Villager (Male) |
| 27:18 | Create | Villager (Male) |
| 28:33 | Create | Villager (Male) |
| 28:34 | Create | Villager (Male) |
| 28:52 | Build | Gate |
| 28:58 | Build | Stone Wall |
| 29:19 | Create | Battle Elephant |
| 29:54 | Create | Villager (Male) |
| 29:58 | Build | Farm |
| 29:58 | Build | Farm |
| 29:59 | Build | Farm |
| 29:59 | Build | Farm |
| 29:59 | Build | Farm |
| 29:59 | Build | Farm |
| 30:00 | Build | Farm |
| 30:00 | Build | Farm |
| 30:00 | Build | Farm |
| 30:01 | Build | Farm |
| 30:01 | Build | Farm |
| 30:48 | Build | Mining Camp |
| 30:51 | Create | Villager (Male) |
| 30:56 | Build | Farm |
| 30:57 | Build | Farm |
| 30:57 | Build | Farm |
| 30:58 | Build | Farm |
| 30:58 | Build | Farm |
| 30:58 | Build | Farm |
| 30:59 | Build | Farm |
| 31:08 | Research | Horse Collar |
| 31:16 | Create | Villager (Male) |
| 31:17 | Create | Villager (Male) |
| 31:24 | Build | Farm |
| 31:54 | Create | Villager (Male) |
| 31:54 | Create | Villager (Male) |
| 32:16 | Build | Stone Wall |
| 32:44 | Build | Stone Wall |
| 32:51 | Research | Wheelbarrow |
| 33:08 | Create | Villager (Male) |
| 33:09 | Create | Villager (Male) |
| 33:21 | Create | Villager (Male) |
| 33:22 | Create | Villager (Male) |
| 33:44 | Build | House |
| 33:44 | Build | House |
| 33:45 | Build | House |
| 33:45 | Build | House |
| 34:09 | Build | Mining Camp |
| 34:12 | Create | Villager (Male) |
| 34:12 | Create | Villager (Male) |
| 34:46 | Build | Town Center |
| 35:20 | Research | Imperial Age |
| 36:04 | Build | House |
| 36:04 | Build | House |
| 36:09 | Create | Villager (Male) |
| 36:09 | Create | Villager (Male) |
| 36:19 | Create | Villager (Male) |
| 36:19 | Create | Villager (Male) |
| 36:21 | Create | Villager (Male) |
| 36:47 | Build | Town Center |
Match timeline
| 0:26 | Calavera · wall_segment Palisade Wall x7 |
| 0:50 | Calavera · wall_segment Palisade Wall x7 |
| 0:57 | LanaAio · wall_segment Palisade Wall x10 |
| 1:47 | ElViejoTraidor · wall_segment Palisade Wall x7 |
| 1:59 | fuzzzy83 · wall_segment Palisade Wall x12 |
| 2:10 | fuzzzy83 · wall_segment Palisade Wall x8 |
| 2:16 | fuzzzy83 · wall_segment Palisade Wall x3 |
| 2:22 | ElViejoTraidor · wall_segment Palisade Wall x4 |
| 4:24 | ElViejoTraidor · wall_segment Palisade Wall x1 |
| 4:27 | ElViejoTraidor · wall_segment Palisade Wall x1 |
| 4:30 | ElViejoTraidor · wall_segment Palisade Wall x1 |
| 4:35 | ElViejoTraidor · wall_segment Palisade Wall x1 |
| 10:06 | ElViejoTraidor · first_building Barracks |
| 10:09 | Canderous Ordo · first_building Barracks |
| 10:11 | ElViejoTraidor · wall_segment Palisade Wall x6 |
| 10:15 | ElViejoTraidor · wall_segment Palisade Wall x11 |
| 10:18 | ElViejoTraidor · wall_segment Palisade Wall x1 |
| 10:24 | primitivus · first_building Barracks |
| 10:28 | Chiki Tapia · age_up feudal |
| 10:36 | Baron Morg Von Wigard · age_up feudal |
| 10:57 | Calavera · first_building Barracks |
| 11:19 | ElViejoTraidor · age_up feudal |
| 11:21 | ElViejoTraidor · first_building Archery Range |
| 11:33 | Calavera · age_up feudal |
| 11:43 | Baron Morg Von Wigard · first_market_sell 100 wood |
| 11:45 | LanaAio · age_up feudal |
| 11:48 | primitivus · age_up feudal |
| 12:08 | LanaAio · wall_segment Stone Wall x8 |
| 12:12 | Calavera · first_building Donjon |
| 12:33 | Baron Morg Von Wigard · first_building Barracks |
| 12:34 | Canderous Ordo · age_up feudal |
| 12:42 | Chiki Tapia · first_building Siege Workshop |
| 12:56 | Calavera · wall_segment Stone Wall x10 |
| 13:08 | Baron Morg Von Wigard · first_market_buy 100 wood |
| 13:13 | LanaAio · first_building Barracks |
| 13:22 | fuzzzy83 · age_up feudal |
| 13:23 | Baron Morg Von Wigard · first_building Stable |
| 13:27 | fuzzzy83 · wall_segment Stone Wall x15 |
| 13:53 | Calavera · wall_segment Stone Wall x1 |
| 14:24 | Baron Morg Von Wigard · age_up castle |
| 14:28 | Canderous Ordo · wall_segment Stone Wall x12 |
| 14:49 | primitivus · first_building Stable |
| 15:29 | primitivus · first_market_buy 100 food |
| 15:32 | LanaAio · age_up castle |
| 15:39 | LanaAio · first_building Siege Workshop |
| 16:12 | LanaAio · first_market_sell 100 stone |
| 16:13 | LanaAio · first_market_buy 100 wood |
| 17:57 | Baron Morg Von Wigard · first_building Monastery |
| 18:18 | ElViejoTraidor · first_market_sell 100 stone |
| 18:22 | ElViejoTraidor · first_market_buy 100 food |
| 18:27 | Canderous Ordo · tribute_sent a jugador 1 |
| 18:27 | Canderous Ordo · tribute_sent a jugador 2 |
| 18:27 | Canderous Ordo · tribute_sent a jugador 3 |
| 18:27 | Canderous Ordo · tribute_sent a jugador 5 |
| 18:27 | Canderous Ordo · tribute_sent a jugador 6 |
| 18:27 | Canderous Ordo · tribute_sent a jugador 7 |
| 18:27 | Canderous Ordo · tribute_sent a jugador 8 |
| 18:38 | primitivus · age_up castle |
| 19:01 | ElViejoTraidor · wall_segment Stone Wall x1 |
| 19:04 | ElViejoTraidor · wall_segment Stone Wall x1 |
| 19:05 | ElViejoTraidor · wall_segment Stone Wall x1 |
| 19:05 | ElViejoTraidor · wall_segment Stone Wall x1 |
| 19:06 | ElViejoTraidor · wall_segment Stone Wall x1 |
| 19:09 | ElViejoTraidor · wall_segment Stone Wall x1 |
| 19:09 | ElViejoTraidor · wall_segment Stone Wall x1 |
| 19:10 | ElViejoTraidor · wall_segment Stone Wall x1 |
| 19:10 | ElViejoTraidor · wall_segment Stone Wall x1 |
| 19:11 | ElViejoTraidor · wall_segment Stone Wall x1 |
| 19:57 | LanaAio · wall_segment Stone Wall x10 |
| 20:23 | Canderous Ordo · first_market_sell 100 wood |
| 20:24 | Canderous Ordo · first_market_buy 100 food |
| 20:45 | fuzzzy83 · age_up castle |
| 20:50 | fuzzzy83 · first_market_buy 100 wood |
| 21:06 | ElViejoTraidor · age_up castle |
| 21:08 | fuzzzy83 · first_building Siege Workshop |
| 21:57 | Canderous Ordo · wall_segment Stone Wall x19 |
| 22:47 | fuzzzy83 · wall_segment Stone Wall x3 |
| 23:01 | fuzzzy83 · wall_segment Stone Wall x8 |
| 23:14 | Canderous Ordo · age_up castle |
| 23:16 | fuzzzy83 · wall_segment Stone Wall x5 |
| 23:46 | fuzzzy83 · first_building Stable |
| 24:04 | primitivus · first_building Monastery |
| 24:15 | Chiki Tapia · first_building Barracks |
| 25:11 | Chiki Tapia · first_building Stable |
| 26:01 | primitivus · first_building Castle |
| 26:38 | Chiki Tapia · age_up castle |
| 28:01 | Calavera · age_up castle |
| 28:58 | fuzzzy83 · wall_segment Stone Wall x3 |
| 30:36 | Calavera · first_building Castle |
| 31:06 | Canderous Ordo · first_building Monastery |
| 32:16 | fuzzzy83 · wall_segment Stone Wall x8 |
| 32:44 | fuzzzy83 · wall_segment Stone Wall x10 |
| 33:13 | primitivus · first_market_sell 500 stone |
| 34:04 | Canderous Ordo · first_building Castle |
| 34:51 | Canderous Ordo · age_up imperial |
| 35:07 | fuzzzy83 · first_market_sell 100 food |
| 35:18 | LanaAio · first_building Castle |
| 35:47 | Baron Morg Von Wigard · first_building Castle |
| 36:40 | primitivus · age_up imperial |
| 36:43 | ElViejoTraidor · first_building Castle |
| 37:26 | ElViejoTraidor · wall_segment Stone Wall x1 |
| 37:40 | ElViejoTraidor · wall_segment Stone Wall x1 |
| 37:45 | ElViejoTraidor · wall_segment Stone Wall x1 |
| 38:00 | Calavera · first_building Siege Workshop |
| 38:12 | Canderous Ordo · wall_segment Stone Wall x5 |
| 38:30 | fuzzzy83 · age_up imperial |
| 39:03 | LanaAio · wall_segment Stone Wall x3 |
| 39:42 | ElViejoTraidor · first_building Monastery |
| 40:43 | ElViejoTraidor · first_building Siege Workshop |
| 41:10 | ElViejoTraidor · first_building Stable |
| 41:14 | Baron Morg Von Wigard · age_up imperial |
| 41:29 | Canderous Ordo · wall_segment Stone Wall x3 |
| 41:31 | fuzzzy83 · first_building Castle |
| 41:39 | LanaAio · age_up imperial |
| 43:01 | Calavera · age_up imperial |
| 43:49 | Baron Morg Von Wigard · tribute_sent a jugador 1 |
| 43:49 | Baron Morg Von Wigard · tribute_sent a jugador 3 |
| 43:49 | Baron Morg Von Wigard · tribute_sent a jugador 4 |
| 43:49 | Baron Morg Von Wigard · tribute_sent a jugador 5 |
| 43:49 | Baron Morg Von Wigard · tribute_sent a jugador 6 |
| 43:49 | Baron Morg Von Wigard · tribute_sent a jugador 7 |
| 43:49 | Baron Morg Von Wigard · tribute_sent a jugador 8 |
| 44:42 | ElViejoTraidor · tribute_sent a jugador 1 |
| 44:42 | ElViejoTraidor · tribute_sent a jugador 2 |
| 44:42 | ElViejoTraidor · tribute_sent a jugador 3 |
| 44:42 | ElViejoTraidor · tribute_sent a jugador 4 |
| 44:42 | ElViejoTraidor · tribute_sent a jugador 5 |
| 44:42 | ElViejoTraidor · tribute_sent a jugador 6 |
| 44:42 | ElViejoTraidor · tribute_sent a jugador 8 |
| 45:07 | ElViejoTraidor · first_building Dock |
| 45:38 | Chiki Tapia · first_building Monastery |
| 45:59 | Chiki Tapia · resign |
| 46:53 | Baron Morg Von Wigard · tribute_sent a jugador 1 |
| 46:53 | Baron Morg Von Wigard · tribute_sent a jugador 3 |
| 46:53 | Baron Morg Von Wigard · tribute_sent a jugador 4 |
| 46:53 | Baron Morg Von Wigard · tribute_sent a jugador 5 |
| 46:53 | Baron Morg Von Wigard · tribute_sent a jugador 6 |
| 46:53 | Baron Morg Von Wigard · tribute_sent a jugador 7 |
| 46:53 | Baron Morg Von Wigard · tribute_sent a jugador 8 |
| 46:54 | Calavera · wall_segment Palisade Wall x3 |
[ AI ANALYSIS · 1 CREDIT ]
What really happened in this match?
Wolo.gg analyzes every decision: build order, eco, micro, common mistakes by bracket. Personalized analysis on WhatsApp or Discord in 30 seconds.
Civ guide
Lithuanians
Map guide
Black Forest
Perfil
Baron Morg Von Wigard